 Dungeon Sprint DCSS version 0.19.5 (webtiles) character file.

2485 Mesmaeker13 the Cleaver (level 9, -8/96 HPs)
             Began as a Minotaur Gladiator on Apr 4, 2017.
             Was a Follower of Makhleb.
             Mangled by a hornet (16 damage)
             ... in the Dungeon (Sprint I: "Red Sonja").
             The game lasted 00:02:53 (1116 turns).

Mesmaeker13 the Cleaver (Minotaur Gladiator)        Turns: 1116, Time: 00:02:54

Health: -8/96      AC:  6    Str: 23    XL:     9   Next: 27%
Magic:  8/8        EV: 19    Int:  5    God:    Makhleb [*.....]
Gold:   421        SH:  0    Dex: 11    Spells: 0 memorised, 8 levels left

rFire  . . .     SeeInvis .     a - +0 war axe
rCold  . . .     Gourm    .     b - +0 leather armour
rNeg   . . .     Faith    .     (no shield)
rPois  .         Spirit   .     c - +0 hat
rElec  .         Reflect  .     l - +0 cloak
rCorr  .         Harm     +     (no gloves)
MR     .....     NoTele   +     (no boots)
Stlth  +.........               g - amulet of harm
                                (no ring)
                                (no ring)

@: slowed, very slow
A: retaliatory headbutt, horns 2, slimy green scales 1, wild magic 1, evolution
1, MP-powered wands
a: Renounce Religion


You were in the Dungeon.
You worshipped Makhleb.
Makhleb was aware of your devotion.
You were hungry.

You visited 1 branch You collected 451 gold pieces.
You spent 30 gold pieces at shops.

Inventory:

Hand Weapons
 a - a +0 war axe (weapon)
Missiles
 d - a throwing net (quivered)
Armour
 b - a +0 leather armour (worn)
 c - a +0 hat (worn)
 l - a +0 cloak (worn)
Jewellery
 g - an amulet of harm (around neck)
Scrolls
 k - a scroll of blinking
Potions
 h - a potion of haste
 i - 2 potions of magic
 j - a potion of berserk rage
Comestibles
 f - a bread ration


   Skills:
 + Level 14.3 Fighting
 + Level 14.5 Axes
 - Level 2.0 Throwing
 + Level 13.5 Dodging


You had 8 spell levels left.
You didn't know any spells.

Dungeon Overview and Level Annotations

Branches:
Dungeon (1/1)

Altars:
Cheibriados
Dithmenos
Elyvilon
Fedhas
Gozag
Hepliaklqana
Kikubaaqudgha
Makhleb
Nemelex Xobeh
Okawaru
Qazlal
Ru
Sif Muna
Trog
Uskayaw
Vehumet
Xom
Yredelemnul
Zin
The Shining One
Jiyva
Lugonu

Shops:
D !


Innate Abilities, Weirdness & Mutations

You reflexively headbutt those who attack you in melee.
You have a pair of horns on your head.
You are partially covered in slimy green scales. (AC +2)
Your spells are a little harder to cast, but a little more powerful.
You evolve.
You expend magic power (3 MP) to strengthen your wands.


Message History

You are more poisoned.
You feel as though you will be slow longer.
You can move again.
You feel better. The hornet stings you.
* * * LOW HITPOINT WARNING * * *
You feel as though you will be slow longer.
The hornet closely misses you.
You hit the hornet.
The hornet is heavily wounded.
The hornet completely misses you. The hornet barely misses you.
You closely miss the hornet.
The hornet is heavily wounded.
The hornet barely misses you. The hornet stings you!
* * * LOW HITPOINT WARNING * * *
You feel as though you will be slow longer.
You hit the hornet.
You headbutt the hornet, but do no damage.
The hornet is severely wounded.
The hornet stings you!
You die...

#####################
.').#..'(.#__#..'.).#
.#..').#)((..'..#)..#
###'#####)#__####...+
##..#...#.####§§#####
_####..##(#§§≈..#§$#
____##'#..(§§§§§@§§#
.∩...'..._#≈≈§§§#y$#
..__##_.#'##§#####+#
____###+#.#[§..#
##### ####+###


You could see a hornet.

Vanquished Creatures
  2 centaur warriors (D)
  2 kobold demonologists (D)
  A slime creature (D)
  Sigmund (D)
  A yak (D)
  A floating eye (D)
  An ogre (D)
  A jelly (D)
  Ijyb (D)
11 creatures vanquished.

Notes
Turn   | Place    | Note
-------+----------+-------------------------------------------
     0 | D        | Mesmaeker13 the Minotaur Gladiator began the quest for the Orb.
     0 | D        | Reached XP level 1. HP: 18/18 MP: 0/0
     1 | D        | Noticed Ijyb
     9 | D        | Killed Ijyb
     9 | D        | Reached skill level 5 in Axes
     9 | D        | Reached XP level 2. HP: 13/28 MP: 1/1
   175 | D        | Noticed an ogre
   182 | D        | Killed an ogre
   182 | D        | Reached XP level 3. HP: 38/38 MP: 2/2
   182 | D        | Reached XP level 4. HP: 45/45 MP: 3/3
   191 | D        | Noticed Sigmund
   197 | D        | Killed Sigmund
   197 | D        | Reached XP level 5. HP: 37/57 MP: 4/4
   197 | D        | Reached XP level 6. HP: 41/63 MP: 5/5
   316 | D        | Found a deep blue altar of Sif Muna.
   318 | D        | Found a radiant altar of Vehumet.
   344 | D        | Found Viomaev's Distillery.
   344 | D        | Found an ancient bone altar of Kikubaaqudgha.
   344 | D        | Found a hazy altar of Hepliaklqana.
   344 | D        | Found a hide-covered altar of Uskayaw.
   344 | D        | Found a basalt altar of Yredelemnul.
   344 | D        | Found an opulent altar of Gozag.
   344 | D        | Found a snail-covered altar of Cheibriados.
   344 | D        | Found a sacrificial altar of Ru.
   344 | D        | Found a shadowy altar of Dithmenos.
   344 | D        | Noticed a yak
   349 | D        | Killed a yak
   349 | D        | Reached skill level 10 in Fighting
   349 | D        | Reached skill level 10 in Axes
   350 | D        | Found a stormy altar of Qazlal.
   350 | D        | Found a blossoming altar of Fedhas.
   350 | D        | Found a bloodstained altar of Trog.
   350 | D        | Found an iron altar of Okawaru.
   350 | D        | Found a glowing golden altar of the Shining One.
   350 | D        | Found a glowing silver altar of Zin.
   350 | D        | Found a white marble altar of Elyvilon.
   351 | D        | Found a sparkling altar of Nemelex Xobeh.
   357 | D        | Bought a potion of mutation for 30 gold pieces
   357 | D        | Gained mutation: Your spells are a little harder to cast, but a little more powerful. [potion of mutation]
   357 | D        | Gained mutation: You expend magic power (3 MP) to strengthen your wands. [potion of mutation]
   357 | D        | Gained mutation: You evolve. [potion of mutation]
   505 | D        | Found a burning altar of Makhleb.
   505 | D        | Found a viscous altar of Jiyva.
   505 | D        | Found a shimmering altar of Xom.
   505 | D        | Found a corrupted altar of Lugonu.
   505 | D        | Noticed a slime creature
   515 | D        | Killed a slime creature
   515 | D        | Reached skill level 10 in Dodging
   515 | D        | Reached XP level 7. HP: 66/74 MP: 6/6
   567 | D        | Gained mutation: You are partially covered in slimy green scales. (AC +2) [evolution]
   575 | D        | Became a worshipper of Makhleb the Destroyer
   589 | D        | Noticed a kobold demonologist
   590 | D        | Noticed a kobold demonologist
   592 | D        | Noticed a sun demon
   593 | D        | Killed a kobold demonologist
   600 | D        | Killed a kobold demonologist
   600 | D        | Reached * piety under Makhleb
   600 | D        | Reached XP level 8. HP: 85/85 MP: 7/7
   717 | D        | Noticed a centaur warrior
   717 | D        | Noticed a centaur warrior
   733 | D        | Killed a centaur warrior
   745 | D        | Killed a centaur warrior
   745 | D        | Reached XP level 9. HP: 7/96 MP: 8/8
  1110 | D        | Paralysed by a hornet for 3 turns
  1116 | D        | Mangled by a hornet

Skill      XL: |  1  2  3  4  5  6  7  8 |
---------------+-------------------------+-----
Fighting       | 4 6 9 11 12 14 | 14.3
Axes           | 5 7 9 11 12 14 | 14.5
Dodging        | 4 6 8 10 11 13 | 13.5
Throwing       | |  2.0

Action                   |  1- 3 |  4- 6 |  7- 9 || total
-------------------------+-------+-------+-------++-------
Melee: War axe           |    11 |    20 |    25 ||    56
       Headbutt          |     2 |     3 |     7 ||    12
Throw: Throwing net      |     1 |     1 |     2 ||     4
  Use: Potion            |       |     1 |     2 ||     3
 Stab: Held in net/web   |       |       |     1 ||     1
Armor: Leather armour    |     2 |       |     5 ||     7
Dodge: Dodged            |     3 |    11 |    21 ||    35
